AoeStats
← Caradeoso2362

Arena

506574615Analyzed
2v2 RM · 20d ago on Sep 14, 2026· 44m 17s· 4 players
Game mode
Random Map
Map size
Medium (4 player)
Population
200
Speed
Normal
Resources
Standard
Victory
Conquest
Starting age
Dark Age
Ending age
Imperial Age
RankedLock teamsTeams togetherTeam positionsShared explorationLock speedFull tech treeHidden civsTurbo modeCheats
Victory
Defeat
🇵🇪 Spanish · Peru
1423
+16
1419
+16
🇲🇽 Bengalis · Mexico
1468
-18
🇲🇽 Inca · Mexico
1370
-14
DLM15
11:00 Feudal Age
10:17 Loom
15:05 Castle Age
13:51 Double-Bit Axe
16:11 Bow Saw
18:08 Fletching
20:44 Bodkin Arrow
21:29 Devotion
29:56 Imperial Age
28:29 Crossbowman
30:39 Bracer
32:20 Ballistics
34:25 Horse Collar
35:34 Town Watch
38:11 Scale Mail Armor
39:55 Pikeman
40:48 Heavy Plow
41:44 Wheelbarrow
42:48 Halberdier
FERGA LARGA
10:18 Feudal Age
10:24 Loom
14:18 Castle Age
12:47 Double-Bit Axe
13:00 Horse Collar
14:34 Town Watch
15:32 Champi Runner
17:03 Squires
24:00 Champi Warrior
28:34 Scale Mail Armor
CTM | El Profesor Pingafales
7:31 Loom
9:53 Feudal Age
13:25 Castle Age
19:29 Redemption
20:13 Sanctity
20:45 Town Watch
24:27 Fervor
41:59 Wheelbarrow
41:15 Double-Bit Axe
46:14 Imperial Age
43:52 Atonement
44:37 Scale Mail Armor
Caradeoso2362
10:50 Feudal Age
14:37 Castle Age
13:20 Double-Bit Axe
14:35 Horse Collar
16:49 Fletching
21:19 Padded Archer Armor
23:11 Husbandry
25:49 Wheelbarrow
25:39 Bodkin Arrow
26:21 Bloodlines
31:38 Imperial Age
30:08 Hand Cart
30:47 Redemption
31:53 Leather Archer Armor
32:50 Bracer
33:22 Elite Conquistador
34:36 Fervor
34:34 Town Watch
34:43 Loom
35:45 Ring Archer Armor
35:26 Scale Barding Armor
36:23 Cavalier
37:31 Chain Barding Armor
37:15 Gold Mining
38:15 Forging
40:17 Plate Barding Armor
40:38 Bow Saw
40:36 Heavy Plow
42:17 Iron Casting
42:03 Conscription
42:48 Chemistry
44:11 Blast Furnace
43:49 Paladin
Connection lost

Rejoining the realm…

Still unreachable

The connection could not be restored.

Session expired

The server has moved on; the page needs a fresh start.